 Dungeon Crawl Stone Soup version 0.20-a0-465-g6513c8f (webtiles) character file.

5610 inmateoo the Cleaver (level 10, 0/92 HPs)
             Began as a Deep Dwarf Fighter on Jan 12, 2017.
             Was an Elder of Makhleb.
             Slain by a komodo dragon (10 damage)
             ... on level 10 of the Dungeon.
             The game lasted 00:13:26 (6411 turns).

inmateoo the Cleaver (Deep Dwarf Fighter)           Turns: 6411, Time: 00:13:26

Health: 0/92       AC: 16    Str: 27    XL:     10   Next: 45%
Magic:  11/11      EV:  2    Int: 10    God:    Makhleb [****..]
Gold:   624        SH:  0    Dex: 12    Spells: 9/9 levels left

rFire  + . .     SeeInvis .     a - +1 war axe
rCold  . . .     Gourm    .     K - +1 scale mail of Ru's Displeasure {rN+ rCorr}
rNeg   + + +     Faith    .     c - +0 shield
rPois  ∞         Spirit   .     (no helmet)
rElec  .         Reflect  .     p - +0 cloak
rCorr  +         Harm     .     k - +1 pair of gloves
MR     +....                    A - +2 pair of boots
Stlth  ..........               N - amulet of rage
                                J - ring of protection from fire
                                y - +1 ring of evasion

@: mighty, petrified, non-regenerating
A: damage resistance, recharge devices, hooves 1, repulsion field 1, sense
surroundings 2, slow regeneration 3, wild magic 1
a: Heal Wounds, Minor Destruction, Lesser Servant of Makhleb, Major Destruction,
Renounce Religion, Evoke Berserk Rage


You were on level 10 of the Dungeon.
You worshipped Makhleb.
Makhleb was greatly pleased with you.
You were not hungry.

You visited 2 branches of the dungeon, and saw 11 of its levels.
You also visited: Ossuary.

You collected 624 gold pieces.

Inventory:

Hand Weapons
 a - a +1 war axe (weapon)
 C - the +3 trident "Leperoaj" {speed, +Blink +Fly Int+2}
   (You found it on level 7 of the Dungeon)

   Attacks with this weapon are significantly faster.
   It affects your intelligence (+2).
   It lets you fly.
   It lets you blink.
Armour
 c - a +0 shield (worn)
 k - a +1 pair of gloves (worn)
 p - a +0 cloak (worn)
 A - a +2 pair of boots (worn)
 K - the +1 scale mail of Ru's Displeasure (worn) {rN+ rCorr}
   (You found it on level 6 of the Dungeon)

   It protects you from negative energy.
   It protects you from acid and corrosion.
Jewellery
 v - an uncursed ring of fire
 y - a +1 ring of evasion (left hand)
 E - an uncursed ring of resist corrosion
 J - a ring of protection from fire (right hand)
 N - an amulet of rage (around neck)
Wands
 e - a wand of digging (9/24)
 h - a wand of acid (10/15)
 u - a wand of random effects (20/48)
 w - a wand of disintegration (11/24)
 F - a wand of acid (7/15)
 Q - a wand of flame (30/48)
Scrolls
 b - a scroll of immolation
 i - 3 scrolls of remove curse
 j - 7 scrolls of teleportation
 l - 2 scrolls of enchant weapon
 m - 2 scrolls of magic mapping
 q - 2 scrolls of enchant armour
 s - 2 scrolls of identify
 P - a scroll of fear
Potions
 d - a potion of might
 n - 3 potions of curing
 o - a potion of flight
 x - 2 potions of haste
 B - 2 potions of brilliance
 D - a potion of invisibility
 H - 2 potions of berserk rage
 I - 2 potions of lignification
 M - 4 potions of cure mutation
 O - 2 potions of heal wounds
 S - a potion of cancellation
 T - a potion of agility
Books
 g - a book of Power

   Spells                             Type                      Level
   a - Fulminant Prism                Conjuration/Hexes            4
   b - Iskenderun's Mystic Blast      Conjuration                  4
   c - Venom Bolt                     Conjuration/Poison           5
   d - Bolt of Magma                  Conjuration/Fire/Earth       5
   e - Iron Shot                      Conjuration/Earth            6
   f - Orb of Destruction             Conjuration                  7
   g - Spellforged Servitor           Conjuration/Summoning        7
 G - a book of Debilitation

   Spells                             Type                      Level
   a - Corona                         Hexes                        1
   b - Slow                           Hexes                        2
   c - Gell's Gravitas                Hexes/Translocation          3
   d - Inner Flame                    Hexes/Fire                   3
   e - Cause Fear                     Hexes                        4
   f - Leda's Liquefaction            Hexes/Earth                  4
 L - a book of Misfortune

   Spells                             Type                      Level
   a - Confusing Touch                Hexes                        1
   b - Confuse                        Hexes                        3
   c - Gell's Gravitas                Hexes/Translocation          3
   d - Petrify                        Transmutation/Earth          4
   e - Metabolic Englaciation         Hexes/Ice                    5
   f - Yara's Violent Unravelling     Hexes/Transmutation          5
Comestibles
 f - 10 bread rations
 r - 5 beef jerkies
 t - 10 fruits
 z - 3 meat rations
 R - a slice of pizza


   Skills:
 + Level 6.5 Fighting
 * Level 10.1 Axes
 + Level 8.1 Armour
 + Level 7.8 Shields
 + Level 7.9 Evocations


You had 9 spell levels left.
You didn't know any spells.

Dungeon Overview and Level Annotations

Branches:
Dungeon (10/15)            Temple (1/1) D:4            Lair (0/6) D:10
    Orc: D:9-12

Altars:
Ashenzari
Cheibriados
Dithmenos
Elyvilon
Fedhas
Gozag
Hepliaklqana
Kikubaaqudgha
Makhleb
Nemelex Xobeh
Okawaru
Qazlal
Ru
Sif Muna
Trog
Uskayaw
Vehumet
Xom
Yredelemnul
Zin
The Shining One

Annotations:
D:7 Ijustatesigmund's ghost, novice NaWz


Innate Abilities, Weirdness & Mutations

You are resistant to damage.
You can recharge devices by infusing magical energy.
You passively map the area around you.
You do not regenerate.
You have large cloven feet.
You are surrounded by a mild repulsion field. (EV +2)
Your spells are a little harder to cast, but a little more powerful.


Message History

The wyvern bites you!
The komodo dragon completely misses you.
The basilisk gazes at you.
The wyvern bites you but does no damage.
The komodo dragon bites you but does no damage.
The basilisk bites you but does no damage.
The wyvern bites you. The wyvern bites you. The komodo dragon bites you!!
* * * LOW HITPOINT WARNING * * *
The basilisk gazes at you.
The wyvern bites you but does no damage.
The komodo dragon bites you but does no damage.
The basilisk barely misses you. The wyvern barely misses you.
The wyvern bites you. The komodo dragon bites you!!
* * * LOW HITPOINT WARNING * * *
The basilisk gazes at you. You resist with almost no effort.
The wyvern bites you but does no damage.
The komodo dragon bites you!!
You die...

###'### #.)......#
###........ ###
########## #########
>, * * * * ., , ###
,* #.., ..#### ##
.... ##...###
#.####.....,
#####..####
###.llot...., , , ,
#
##....###...@loo..#
, ,
##..........##.#..#*
, * #####.###### * *
### * * ,,* * *,* *
* , ,,


You could see a komodo dragon, a basilisk, a crocodile, a wyvern, an orc wizard
and 2 orcs.

Vanquished Creatures
  2 two-headed ogres (D:8)
  Joseph (D:8)
  Psyche (D:8)
  The ghost of Ijustatesigmund the Stinger, a novice NaVM (D:6)
  2 hippogriffs
  2 water moccasins
  3 orc warriors
  An ice beast (D:10)
  A sky beast (D:6)
  2 ogres
  A centaur (D:6)
  5 bullfrogs
  2 big kobolds
  An elf zombie (Ossuary)
  A wyvern zombie (D:8)
  A scorpion (D:8)
  5 killer bees (D:7)
  A howler monkey (D:8)
  2 crimson imps
  A bullfrog zombie (D:9)
  2 human zombies (Ossuary)
  A centaur zombie (Ossuary)
  A hound (D:9)
  A centaur skeleton (D:10)
  2 jellies
  A bullfrog skeleton (D:6)
  3 orc priests
  10 orc wizards
  Crazy Yiuf (D:3)
  An iguana (D:7)
  Terence (D:3)
  5 worker ants
  A big kobold zombie (Ossuary)
  3 hound skeletons
  2 mummies (Ossuary)
  A worker ant zombie (D:8)
  12 adders
  A shadow imp (D:8)
  2 adder zombies (Ossuary)
  An adder skeleton (D:8)
  4 worms
  4 dart slugs
  5 leopard geckos
  40 orcs
  6 bats
  6 giant cockroaches
  11 goblins
  14 hobgoblins
  11 jackals
  2 quokkas
  4 frilled lizards
  A giant cockroach zombie (D:5)
  A goblin zombie (Ossuary)
  10 hobgoblin zombies (Ossuary)
  A jackal zombie (Ossuary)
  18 kobolds
  10 kobold zombies (Ossuary)
  6 orc zombies (Ossuary)
  A quokka zombie (D:9)
  8 rats
  2 rat zombies (Ossuary)
253 creatures vanquished.

Notes
Turn   | Place    | Note
-------+----------+-------------------------------------------
     0 | D:1      | inmateoo the Deep Dwarf Fighter began the quest for the Orb.
     0 | D:1      | Reached XP level 1. HP: 20/20 MP: 1/1
   352 | D:2      | Reached XP level 2. HP: 25/27 MP: 2/2
   549 | D:3      | Reached XP level 3. HP: 20/34 MP: 3/3
   611 | D:3      | Noticed Terence
   618 | D:3      | Reached skill level 3 in Axes
   620 | D:3      | Killed Terence
   760 | D:4      | Reached XP level 4. HP: 17/42 MP: 4/4
   844 | D:4      | Reached skill level 1 in Evocations
   898 | D:4      | Reached XP level 5. HP: 41/49 MP: 5/5
   922 | D:4      | Reached skill level 4 in Axes
   928 | D:5      | Entered Level 5 of the Dungeon
  1676 | D:4      | Found a staircase to the Ecumenical Temple.
  1690 | Temple   | Entered the Ecumenical Temple
  1697 | Temple   | Became a worshipper of Makhleb the Destroyer
  1790 | D:2      | Reached XP level 6. HP: 22/57 MP: 6/6
  2538 | D:1      | Reached * piety under Makhleb
  3512 | D:3      | Found a runed door.
  3516 | D:3      | Noticed Crazy Yiuf
  3522 | D:3      | Killed Crazy Yiuf
  3603 | D:6      | Noticed Ijustatesigmund's ghost (novice NaVM)
  3619 | D:7      | Noticed a hippogriff
  3628 | D:7      | Killed a hippogriff
  3628 | D:7      | Reached skill level 5 in Axes
  3628 | D:7      | Reached XP level 7. HP: 51/64 MP: 7/7
  3630 | D:7      | Reached ** piety under Makhleb
  3630 | D:7      | Reached skill level 5 in Armour
  3656 | D:7      | Reached skill level 5 in Shields
  3718 | D:7      | Reached skill level 6 in Axes
  3719 | D:7      | Noticed Ijustatesigmund's ghost (novice NaWz)
  3737 | D:6      | Reached XP level 8. HP: 42/73 MP: 8/8
  3795 | D:6      | Killed Ijustatesigmund's ghost
  3795 | D:6      | Reached skill level 5 in Fighting
  3795 | D:6      | Reached skill level 7 in Axes
  3795 | D:6      | Reached skill level 5 in Evocations
  3825 | D:6      | Got a spiked scale mail
  3846 | D:6      | Identified the cursed +1 scale mail of Ru's Displeasure {rN+ rCorr} (You found it on level 6 of the Dungeon)
  3901 | D:6      | Found a snail-covered altar of Cheibriados.
  4169 | D:6      | Gained mutation: You passively map the area around you. [Deep Dwarf growth]
  4169 | D:6      | Reached XP level 9. HP: 57/81 MP: 10/10
  4257 | D:7      | Got a steaming trident
  4258 | D:7      | Identified the +3 trident "Leperoaj" {speed, +Blink +Fly Int+2} (You found it on level 7 of the Dungeon)
  4432 | D:8      | Noticed a two-headed ogre
  4441 | D:8      | Reached skill level 8 in Axes
  4445 | D:8      | Killed a two-headed ogre
  4450 | D:8      | Reached *** piety under Makhleb
  4632 | D:8      | Found a sand-covered staircase.
  4635 | D:8      | Noticed Joseph
  4641 | Ossuary  | Entered an ossuary
  4755 | Ossuary  | Reached **** piety under Makhleb
  4860 | Ossuary  | Gained mutation: You have large cloven feet. [potion of mutation]
  4860 | Ossuary  | Gained mutation: You are surrounded by a mild repulsion field. (EV +2) [potion of mutation]
  4860 | Ossuary  | Gained mutation: Your spells are a little harder to cast, but a little more powerful. [potion of mutation]
  4868 | D:8      | Found a hazy altar of Hepliaklqana.
  4879 | D:8      | Reached skill level 9 in Axes
  4958 | D:8      | Noticed Psyche
  4974 | D:8      | Killed Psyche
  5267 | D:8      | Killed Joseph
  5267 | D:8      | Reached XP level 10. HP: 64/91 MP: 11/11
  5457 | D:8      | Noticed a two-headed ogre
  5468 | D:8      | Killed a two-headed ogre
  5640 | D:9      | Found a shadowy altar of Dithmenos.
  6135 | D:10     | Entered Level 10 of the Dungeon
  6193 | D:10     | Reached skill level 10 in Axes
  6411 | D:10     | Slain by a komodo dragon

Vault maps used:
D:1:      dpeg_arrival_connections, minmay_tiny_reverse_x
D:2:      minmay_misc_feat_rows
D:3:      kennysheep_the_goblin_king, first_bread, grunt_decor_one_mirror,
          uniq_terence, uniq_crazy_yiuf_cottage
D:4:      cheibrodos_quashed
D:5:      hangedman_decor_clover_reticule, minmay_misc_feat_columns
D:6:      overflow_temple_1_default
D:7:      hex_large, grunt_ogre_cave
D:8:      lemuel_round_altar, nicolae_ossuary_entry_ruins, uniq_psyche,
          uniq_joseph
D:9:      grunt_dithmenos_smoke_and_mirrors
D:10:     erik_lair_dragon, uniq_fannar
Temple:   nicolae_temple_no_exploring_needed
Ossuary:  ossuary_tomb_1

Skill      XL: |  1  2  3  4  5  6  7  8  9 10 |
---------------+-------------------------------+-----
Fighting       | 3 4 5 6 |  6.5
Axes           | 3 4 5 6 7 9 10 | 10.1
Evocations     | 1 2 3 4 5 7 |  7.9
Armour         | 4 5 6 7 8 |  8.1
Shields        | 4 5 6 7 |  7.8

Action                   |  1- 3 |  4- 6 |  7- 9 | 10-12 || total
-------------------------+-------+-------+-------+-------++-------
Melee: War axe           |    73 |   304 |   385 |   117 ||   879
 Abil: Heal Wounds       |       |     3 |     3 |       ||     6
       Evoke Berserk Rag |       |       |     1 |       ||     1
  Use: Potion            |       |     1 |     3 |     2 ||     6
       Scroll            |       |       |    13 |    12 ||    25
  Eat: Chunk             |       |     9 |     5 |     1 ||    15
       Royal jelly       |       |       |     1 |       ||     1
       Pizza             |       |       |       |     4 ||     4
Armor: Scale mail        |    40 |   127 |   125 |    55 ||   347
       Plate armour      |       |    97 |    95 |       ||   192
Dodge: Dodged            |    29 |    94 |   142 |    78 ||   343
Block: Shield            |    42 |   189 |   250 |    77 ||   558
